KI, chaotic male elven Wizard ------ |....| |....| |....| | #.....| |..........- ################--|--- | #### a # #@ # # # # ---.---.---- ...........| |..........| +......<...| ------------ KI the Thaumaturge Experience level: 6 Strength: 7 Dexterity: 11 Constitution: 14 Intelligence: 20 Wisdom: 11 Charisma: 10 Health: 0(37) Energy: 50(72) Def: 1 Gold: 312 Moves: 3344 Dungeon seed: zolGxmlrTcLA3C4I Game ID: KI_1512073571 Your Inventory: Coins $ - 312 gold pieces Weapons a - a blessed +1 quarterstaff (weapon in hands) q - a cursed rusty +0 orcish dagger (in quiver) H - a +0 war hammer J - a +2 orcish dagger Armor e - a cursed +0 cloak of magic resistance (being worn) y - an uncursed +0 elven shield Comestibles o - 3 uncursed food rations D - an uncursed food ration Scrolls i - an uncursed scroll of blank paper j - an uncursed scroll of blank paper k - a cursed scroll of blank paper E - an uncursed scroll of teleportation G - an uncursed scroll of fire Spellbooks l - a blessed spellbook of force bolt Potions f - an uncursed diluted potion of monster detection g - an uncursed diluted potion of object detection h - a cursed diluted potion of gain energy z - an uncursed potion of water A - an uncursed diluted potion of full healing B - an uncursed diluted potion of sleeping K - a cursed potion of healing Rings c - an uncursed ring of protection from shape changers (on left hand) d - a cursed ring of teleportation p - an uncursed ring of aggravate monster x - an uncursed ring of stealth Wands b - a wand of digging (0:6) s - a rusty wand of probing (0:4) Tools v - an uncursed leash w - an uncursed tin whistle I - an uncursed stethoscope Gems n - an uncursed worthless piece of white glass r - 2 uncursed worthless pieces of yellow glass Spells and supernatural/magical abilities: Name Level Category Fail Memory a - force bolt 1 attack 0% 84% z - sleep 1 enchantment 0% 84% W - pray for help -- divine ? -- Your skills at the end: Fighting Skills Weapon Skills quarterstaff [Basic] Spellcasting Skills attack spells [Basic] enchantment spells [Basic] Final Attributes: You were piously aligned. You were sleep resistant. You were magic-protected. You were telepathic. You had infravision. You were protected from shape changers. You are dead. Vanquished creatures: 2 small mimics a leprechaun an ape a shrieker a kobold mummy 2 floating eyes a kitten a kobold shaman 7 hill orcs 2 rothes a monkey an orc zombie 3 dwarf zombies a wererat an iguana a large kobold 2 giant rats a yellow mold a green mold a gnome zombie 6 jackals 4 goblins 2 sewer rats 4 grid bugs a bat 2 lichens 8 newts 59 creatures vanquished. Voluntary challenges: You were an atheist. You used a wielded weapon 42 times, starting on turn 97. You read items or engraved 1 time, starting on turn 1551. You never genocided any monsters. You never polymorphed an object. You never changed form. You used no wishes. You never split a pudding. You never wrote Elbereth's name. You never violated your personal moral code. Dungeon overview: The Dungeons of Doom: levels 1 to 7 Level 1 a long staircase Level 2 Level 3 a general store a long staircase Level 4 a general store Level 5 Level 6 Level 7 <- You were here History has recorded: On T:1 you entered the Dungeons of Doom to retrieve the Amulet of Yendor! On T:296 you reached level 2 of The Dungeons of Doom. On T:481 you advanced to experience level 2. On T:851 you reached level 3 of The Dungeons of Doom. On T:1030 you advanced to experience level 3. On T:1085 you advanced to experience level 4. On T:1234 you reached level 4 of The Dungeons of Doom. On T:1508 you advanced to experience level 5. On T:1940 you reached level 5 of The Dungeons of Doom. On T:2588 you reached level 6 of The Dungeons of Doom. On T:3176 you advanced to experience level 6. On T:3259 you reached level 7 of The Dungeons of Doom. Score breakdown: Gold: 312 ( 8488 points) Experience: 6 levels (12456 points) Exploration: 7 levels ( 14.29%) (10606 points) Discoveries: 3 items ( 1.08%) ( 3122 points) Valuables value: (no points given unless you survive) Artifact value: 0 ( 0 points) Variety of kills: 27 monsters ( 7.09%) ( 7986 points) Turncount: 3344 turns ( -760 points) Survival: died (score multiplied by 80%) Total score: 33518 Latest messages: The spell hits the ape! The ape hits! (2x) The ape bites! The spell hits the ape! You kill the ape! You see here an ape corpse. You don't have that object. This ape corpse tastes terrible! You finish eating the ape corpse. You see here a stethoscope. I - a stethoscope. The spell hits the werejackal! The werejackal resists! The ape hits! (2x) The ape bites! The ape hits! (2x) The ape bites! The giant ant bites! You die... Final status: Goodbye KI the Wizard, killed by a giant ant... You died in The Dungeons of Doom on dungeon level 7 with 33518 points, and 312 pieces of gold, after 3344 moves. You were level 6 with a maximum of 37 hit points when you died.